 Dungeon Crawl Stone Soup version 0.27-a0-860-gaf99fae3ca (webtiles) character file.

Game seed: 17778705044607118732

152 Aggronaut the Chopper (level 5, -7/47 HPs)
             Began as a Hill Orc Fighter on Apr 1, 2021.
             Was a Follower of Ashenzari.
             Killed by divine providence
             ... invoked by an orc priest
              (17 damage)
             ... on level 3 of the Dungeon.
             The game lasted 00:06:53 (2616 turns).

Aggronaut the Chopper (Hill Orc Fighter)            Turns: 2616, Time: 00:06:54

Health: -7/47      AC:  7    Str: 20    XL:     5   Next: 34%
Magic:  5/5        EV:  9    Int: 14    God:    Ashenzari [*.....]
Gold:   68         SH:  0    Dex: 10    Spells: 4/4 levels left

rFire    . . .     SeeInvis .   a - +0 war axe of the Lashed God {Fort, Elem} (curse)
rCold    . . .     Faith    .   (no shield)
rNeg     . . .     Spirit   .   b - +0 scale mail
rPois    .         Reflect  .   (no helmet)
rElec    .         Harm     .   (no cloak)
rCorr    .         Rampage  .   (no gloves)
Will     .....                  (no boots)
Stlth    ..........             (no amulet)
HPRegen  0.15/turn              e - ring of Ashenzari's Sybil {Int+6, Cun, Self} (curse)
MPRegen  0.09/turn              (no ring)

@: no status effects
A: no striking features
a: Renounce Religion, Convert to Beogh, Shatter the Chains


You were on level 3 of the Dungeon.
You worshipped Ashenzari.
Ashenzari was aware of your devotion.
You visited 1 branch of the dungeon, and saw 3 of its levels.

You collected 68 gold pieces.

Inventory:

Hand Weapons
 a - the cursed +0 war axe of the Lashed God (weapon) {Fort, Elem}

   It has a curse which improves the following skills: Fortitude: Armour and
   Shields.
   Elements:  Fire Magic, Ice Magic, Air Magic and Earth Magic.
Armour
 b - a +0 scale mail (worn)
 c - a +0 kite shield
Jewellery
 e - the cursed ring of Ashenzari's Sybil (left hand) {Int+6, Cun, Self}
   (You found it on level 1 of the Dungeon)

   [ring of intelligence]

   It affects your intelligence (+6).
   It has a curse which improves the following skills: Cunning: Dodging and
   Stealth.
   Introspection: Fighting and Spellcasting.
Wands
 n - a wand of acid (13)
Scrolls
 f - a scroll of fear
 g - a scroll of magic mapping
 h - 2 scrolls of enchant weapon
 k - 2 scrolls of teleportation
 l - 3 scrolls of silence
 o - a scroll of enchant armour
Potions
 d - a potion of might
 i - a potion of brilliance
 j - 2 potions of heal wounds
 m - 3 potions of curing


   Skills:
 - Level 3.6(4.5) Fighting
 + Level 7.1 Axes
 - Level 3.2(4.2) Armour
 - Level 3.2(4.2) Shields


You had 4 spell levels left.
You didn't know any spells.
Your spell library contained the following spells:

 Spells                   Type           Power      Damage    Failure   Level
 Confusing Touch          Hex            0%         N/A       93%         3
 Gell's Gravitas          Tloc           0%         N/A       93%         3
 Petrify                  Tmut/Erth      0%         N/A       100%        4
 Metabolic Englaciation   Hex/Ice        0%         N/A       100%        5
 Yara's Violent Unravell  Hex/Tmut       0%         3d3       100%        5


Dungeon Overview and Level Annotations

Branches:
Dungeon (3/15)

Altars:
Ashenzari

Shops:
D:1 *

Annotations:
D:3 2 transporters


Message History

Beogh smites you! The orc priest hits you with a +0 whip.
An orc comes into view. It is wielding a +0 flail.
The orc priest hits you but does no damage.
Things that are here:
a +0 club; a +0 leather armour; an orc corpse The orc barely misses you.
The orc priest calls down the wrath of Beogh upon you.
You barely resist. You hit the orc.
The orc is almost dead.
The orc priest calls upon Beogh to heal the orc.
The orc is healed somewhat.
The orc barely misses you.
Your scale mail prevents you from hitting the orc.
The orc is lightly wounded.
The orc closely misses you.
You closely miss the orc.
The orc is lightly wounded.
The orc barely misses you.
You closely miss the orc.
The orc is lightly wounded.
The orc closely misses you. The orc hits you with a +0 flail.
You barely miss the orc.
The orc is lightly wounded.
The orc hits you with a +0 flail.
The orc priest calls upon Beogh to heal the orc.
The orc's wounds heal themselves!
You hit the orc.
The orc is almost dead.
The orc priest calls upon Beogh to heal the orc.
The orc is healed somewhat.
The orc hits you but does no damage.
Your scale mail prevents you from hitting the orc.
The orc is lightly wounded.
The orc hits you with a +0 flail.
* * * LOW HITPOINT WARNING * * *
You closely miss the orc.
The orc is lightly wounded.
The orc priest shouts, "Beogh is our master!
Accept the truth or die!"
The orc priest calls down the wrath of Beogh upon you.
Beogh smites you!
You die...

#### ########## #..
......... ##.####
#....# #.....# #@#
.# #..##.#####o#..#
######..........oo#
...............<.#.#
.#####.....#######.#
.# ##.)### # .# #..#
.######..######
..............#


You could see 2 orc priests and an orc.

Vanquished Creatures
  A bullfrog zombie (D:3)
  Ijyb (D:3)
  4 adders
  An orc (D:3)
  5 endoplasms
  5 giant cockroaches
  4 hobgoblins
  3 jackals (D:2)
  6 kobolds
  2 quokkas (D:1)
  7 ball pythons
  6 bats
  A frilled lizard (D:3)
  3 goblins
  3 rats
52 creatures vanquished.

Notes
Turn   | Place    | Note
-------+----------+-------------------------------------------
     0 | D:1      | Aggronaut the Hill Orc Fighter began the quest for the Orb.
     0 | D:1      | Reached XP level 1. HP: 19/19 MP: 1/1
    88 | D:1      | Found Simyur's General Store.
   109 | D:1      | Reached skill level 3 in Axes
   135 | D:1      | Found a faded altar of an unknown god.
   144 | D:1      | Became a worshipper of Ashenzari the Shackled
   243 | D:1      | Reached XP level 2. HP: 26/26 MP: 2/2
   356 | D:1      | Reached skill level 4 in Axes
   997 | D:2      | Reached XP level 3. HP: 20/31 MP: 3/3
  1294 | D:2      | Reached skill level 5 in Axes
  1970 | D:2      | Reached XP level 4. HP: 35/40 MP: 4/4
  2238 | D:3      | Found a transporter.
  2248 | D:3      | Found a transporter.
  2252 | D:3      | Reached * piety under Ashenzari
  2286 | D:3      | Reached skill level 6 in Axes
  2306 | D:3      | Noticed Ijyb
  2312 | D:3      | Killed Ijyb
  2443 | D:3      | Reached XP level 5. HP: 40/47 MP: 5/5
  2512 | D:3      | Reached skill level 7 in Axes
  2616 | D:3      | Killed from afar by an orc priest

Illustrated notes

Levels and vault maps discovered:
D:1:      lightli_iron_boxes, layout_basic, basic_ecumenical_altar,
          serial_shops, shop
D:2:      layout_loops_cross, serial_co_window_serial, co_window_corner_a,
          co_window_paths_b, co_window_of_opportunity_a, co_window_corner_a,
          co_window_of_opportunity_a, co_window_corner_a, co_window_2corner,
          co_window_corner_b, co_window_cross_2, kennysheep_small_spiral
D:3:      gammafunk_steamed_eel, layout_loops_ring, patterned_corridor,
          uniq_ijyb

Skill      XL: |  1  2  3  4  5 |
---------------+----------------+-----
Axes           | 3 4 5 6 7 |  7.1
Fighting       | |  3.6
Armour         | |  3.2
Shields        | |  3.2

Action                   |  1- 3 |  4- 6 || total
-------------------------+-------+-------++-------
Melee: War axe           |   118 |    62 ||   180
Invok: Curse Item        |     1 |     1 ||     2
Armor: Scale mail        |    74 |    31 ||   105
Dodge: Dodged            |    81 |    38 ||   119

Table legend: (Time is in decaauts)
 A = Elapsed time spent in this place.
 B = Non-inter-level travel time spent in this place.
 C = Inter-level travel time spent in this place.
 D = Time resting spent in this place.
 E = Time spent auto-exploring this place.
 F = Levels seen in this place.
 G = Mean time per level.
                   A        B        C        D        E       F      G
               +--------+--------+--------+--------+--------+-----+--------+
         Total |   2660 |   2596 |     64 |    157 |   1918 |   3 |  886.7 |
       Dungeon |   2660 |   2596 |     64 |    157 |   1918 |   3 |  886.7 |
               +--------+--------+--------+--------+--------+-----+--------+

Top non-repeatable levels by time:
     D:2: 1182 daAuts
     D:1: 993 daAuts
     D:3: 484 daAuts
